 Dungeon Crawl Stone Soup version 0.31-a0-1603-gbec6b6ccbf (webtiles) character file.

Game seed: 8176500075800266833

35 wildpjah the Conjurer (level 3, 0/19 HPs)
             Began as a Deep Elf Conjurer on Jan 8, 2024.
             Slain by a phantom (5 damage)
             ... on level 2 of the Dungeon.
             The game lasted 00:01:45 (1274 turns).

wildpjah the Conjurer (Deep Elf Conjurer)           Turns: 1274, Time: 00:01:45

Health: 0/19       AC:  2    Str:  4    XL:     3   Next: 17%
Magic:  1/9        EV: 12    Int: 24    God:
Gold:   46         SH:  0    Dex: 13    Spells: 4/8 levels left

rFire   . . .        d - +0 whip
rCold   . . .        (no shield)
rNeg    . . .        a - +0 robe
rPois   .            (no helmet)
rElec   .            (no cloak)
rCorr   .            (no gloves)
SInv    .            (no boots)
Will    .....        (no amulet)
Stlth   ++           (no ring)
HPRegen 0.23/turn    (no ring)
MPRegen 0.11/turn

%: no passive effects
@: no status effects
A: no striking features
a: no special abilities


You were on level 2 of the Dungeon.
You visited 1 branch of the dungeon, and saw 2 of its levels.

You collected 46 gold pieces.

Inventory:

Hand Weapons
 d - a +0 whip (weapon)
Armour
 a - a +0 robe (worn)
Scrolls
 e - a scroll of teleportation {unknown}
Potions
 b - a potion of resistance {unknown}
 c - a potion of enlightenment {unknown}


   Skills:
 + Level 2.5 Dodging
 + Level 2.6 Stealth
 + Level 3.2 Spellcasting
 + Level 5.4 Conjurations


You had 4 spell levels left.
You knew the following spells:

 Your Spells              Type           Power      Damage    Failure   Level
a - Magic Dart            Conj           100%       1d8       1%          1
b - Slow                  Hex            12%        N/A       11%         1
c - Searing Ray           Conj           58%        2d6       1%          2

Your spell library contained the following spells:

 Spells                   Type           Power      Damage    Failure   Level
 Confusing Touch          Hex            3%         N/A       32%         3
 Sigil of Binding         Hex            3%         N/A       32%         3
 Vampiric Draining        Necr           3%         2d6       32%         3
 Fulminant Prism          Conj/Alch      8%         3d6       34%         4
 Iskenderun's Mystic Bla  Conj/Tloc      16%        2d5       34%         4


Dungeon Overview and Level Annotations

Branches:
Dungeon (2/15)

Altars:


Message History

You kill the dart slug!
You see here a dart slug corpse.
You now have 46 gold pieces (gained 5).
Done exploring.
Done exploring.
There is a stone staircase leading down here.
You climb downwards.
There is a stone staircase leading up here.
A phantom comes into view.
The searing ray hits the phantom.
The phantom is lightly damaged. (Press . to maintain the ray.)
The searing ray misses the phantom.
The searing ray hits the phantom!
The phantom is moderately damaged.
The phantom barely misses you.
The searing ray misses the phantom.
You finish channelling your searing ray.
The phantom hits you.
The searing ray misses the phantom. (Press . to maintain the ray.)
The phantom hits you.
Unknown command.
The searing ray hits the phantom!
The phantom is severely damaged.
The phantom hits you.
* * * LOW HITPOINT WARNING * * *
You are too injured to fight recklessly!
Unknown command.
The searing ray hits the phantom.
The phantom is almost destroyed.
The phantom misses you.
Unknown command.
You hit the phantom but do no damage.
The phantom is almost destroyed.
The phantom closely misses you.
You closely miss the phantom.
The phantom is almost destroyed.
The phantom hits you.
You die...

#.# #.# #.# #.# #.#
####### #.#
#......####.#########
......W@............#
###########.######.##
#.##<....# #.########
#.# #.# #.# #.#


You could see a phantom.

Vanquished Creatures
  2 dart slugs (D:1)
  A ball python (D:1)
  2 bats (D:1)
  6 endoplasms (D:1)
  2 giant cockroaches (D:1)
  A goblin (D:1)
  3 hobgoblins (D:1)
  4 frilled lizards (D:1)
  4 kobolds (D:1)
  3 rats (D:1)
28 creatures vanquished.

Notes
Turn   | Place    | Note
-------+----------+-------------------------------------------
     0 | D:1      | wildpjah the Deep Elf Conjurer began the quest for the Orb.
     0 | D:1      | Reached XP level 1. HP: 10/10 MP: 6/6
   157 | D:1      | Learned a level 1 spell: Slow
   188 | D:1      | Reached XP level 2. HP: 6/15 MP: 6/8
   295 | D:1      | Reached skill level 5 in Conjurations
   419 | D:1      | Learned a level 2 spell: Searing Ray
   715 | D:1      | Reached XP level 3. HP: 19/19 MP: 6/9
  1263 | D:2      | Noticed a phantom
  1274 | D:2      | Slain by a phantom

Illustrated notes

Levels and vault maps discovered:
D:1:      spicycebolla_green_bress_n_ham_2, layout_basic
D:2:      layout_basic, nicolae_figureground_sparkle, uniq_crazy_yiuf_cottage

Skill      XL: |  1  2 |
---------------+-------+-----
Conjurations   | 5 |  5.4
Dodging        | |  2.5
Stealth        | |  2.6
Spellcasting   | |  3.2

Action                     || total
---------------------------++-------
  Melee: Whip              ||     3
   Cast: Magic Dart        ||    37
         Searing Ray       ||    11
    Use: Potion            ||     1
 Armour: Robe              ||     6
  Dodge: Dodged            ||     4

Table legend: (Time is in decaauts)
 A = Elapsed time spent in this place.
 B = Non-inter-level travel time spent in this place.
 C = Inter-level travel time spent in this place.
 D = Time resting spent in this place.
 E = Time spent auto-exploring this place.
 F = Levels seen in this place.
 G = Mean time per level.
                   A        B        C        D        E       F      G
               +--------+--------+--------+--------+--------+-----+--------+
         Total |   1274 |   1264 |     10 |      0 |   1142 |   2 |  637.0 |
       Dungeon |   1274 |   1264 |     10 |      0 |   1142 |   2 |  637.0 |
               +--------+--------+--------+--------+--------+-----+--------+

Top non-repeatable levels by time:
     D:1: 1248 daAuts
     D:2: 25 daAuts
